AA
TUCSON CHAMELEONS @ FARGO-MOORHEAD REDHAWKS
07/31/2098
 
TOP OF THE 1ST
Sioux City Explorers batting - Pitching for Bakersfield Otters : LHP Jay Peterman
Pitching: LHP Jay Peterman
Batting: SHB Willie Vizcarra 0-0: Called Strike
0-1: Foul Ball, location: 3FF
0-2: Strikes out swinging
Batting: RHB Matt Moreno 0-0: Ball
1-0: Ball
2-0: Called Strike
2-1: Foul Ball, location: 9LSF
2-2: Strikes out swinging
Batting: LHB Mike Peirce 0-0: Ball
1-0: SINGLE (Line Drive, 89S, EV 90.6 MPH)
Batting: RHB Adrian Tableriou 0-0: Swinging Strike
0-1: Called Strike
0-2: Ball
1-2: Strikes out swinging
Top of the 1st over - 0 runs, 1 hit, 0 errors, 1 left on base; Sioux City 0 - Bakersfield 0
BOTTOM OF THE 1ST
Bakersfield Otters batting - Pitching for Sioux City Explorers : RHP Victor Espinoza
Pitching: RHP Victor Espinoza
Batting: LHB Jose Menchaca 0-0: Called Strike
0-1: Ball
1-1: Swinging Strike
1-2: Foul Ball, location: 25F
1-2: Strikes out looking
Batting: LHB Tim Sullivan 0-0: SINGLE (Groundball, 34D, EV 102.5 MPH)
Batting: SHB Steve Renfroe 0-0: Foul Ball, location: 2F
0-1: Ball
1-1: Ball
2-1: Called Strike
2-2: 2-RUN HOME RUN (Line Drive, 9D, EV 101.9 MPH), Distance : 389 ft
Batting: SHB Carlos Cortez 0-0: Foul Ball, location: 2F
0-1: SOLO HOME RUN (Line Drive, 89XD, EV 113.8 MPH), Distance : 430 ft
Batting: LHB Chris Weinert 0-0: Ball
1-0: Swinging Strike
1-1: Ball
2-1: Called Strike
2-2: Ball
3-2: Fly out, F8 (Flyball, 8LM, EV 85.0 MPH)
Batting: RHB Ryan Reed 0-0: Foul Ball, location: 9LDF
0-1: Ball
1-1: Ball
2-1: Ball
3-1: Swinging Strike
3-2: Foul Ball, location: 5DF
3-2: Strikes out looking
Bottom of the 1st over - 3 runs, 3 hits, 0 errors, 0 left on base; Sioux City 0 - Bakersfield 3
TOP OF THE 2ND
Sioux City Explorers batting - Pitching for Bakersfield Otters : LHP Jay Peterman
Batting: LHB Felipe Ruiz 0-0: Ball
1-0: Ball
2-0: Ball
3-0: Base on Balls
Batting: RHB Wendell Dhu 0-0: Called Strike
0-1: Foul Ball, location: 2F
0-2: Ball
1-2: Foul Ball, location: 2RF
1-2: Foul Ball, location: 2RF
1-2: Strikes out swinging
Batting: RHB Lee McNutt 0-0: Ball
1-0: Ball
2-0: Foul Ball, location: 3F
2-1: Ball
3-1: Base on Balls
Felipe Ruiz to second
Batting: RHB Mark Lockhart 0-0: Foul Ball, location: 5F
0-1: Ball
1-1: DOUBLE (Flyball, 8RD, EV 104.4 MPH)
Felipe Ruiz scores
Lee McNutt to third
Batting: RHB Masayoshi Kubo 0-0: Ball
1-0: Foul Ball, location: 3DF
1-1: Reached on error, E6 (Groundball, 6, EV 86.3 MPH)
Lee McNutt scores
Batting: SHB Willie Vizcarra 0-0: Swinging Strike
0-1: Fly out, F8 (Flyball, 8LM, EV 96.3 MPH)
Batting: RHB Matt Moreno 0-0: Ball
1-0: Swinging Strike
1-1: Ball
2-1: Swinging Strike
2-2: Strikes out looking
Top of the 2nd over - 2 runs, 1 hit, 1 error, 2 left on base; Sioux City 2 - Bakersfield 3
BOTTOM OF THE 2ND
Bakersfield Otters batting - Pitching for Sioux City Explorers : RHP Victor Espinoza
Batting: LHB Eric Rys 0-0: Ball
1-0: Ball
2-0: Ball
3-0: Called Strike
3-1: Base on Balls
Batting: RHB Brad Glanzer 0-0: Ball
1-0: Called Strike
1-1: Fly out, F8 (Flyball, 8RS, EV 86.3 MPH)
Batting: RHB Edgar Cruz 0-0: Ball
1-0: SINGLE (Line Drive, 6MD, EV 96.9 MPH)
Eric Rys to second
Runner from 2nd tries for 3rd, SAFE, throw by CF made to third
Batting: LHB Jose Menchaca 0-0: Ball
1-0: Foul Ball, location: 9LSF
1-1: Foul Ball, location: 23F
1-2: Ball
2-2: Fly out, F6 (Popup, 4MD, EV 49.4 MPH)
Batting: LHB Tim Sullivan 0-0: Called Strike
0-1: Fielders Choice at 2nd, 6-4 (Groundball, 6, EV 87.5 MPH)
Bottom of the 2nd over - 0 runs, 1 hit, 0 errors, 2 left on base; Sioux City 2 - Bakersfield 3
TOP OF THE 3RD
Sioux City Explorers batting - Pitching for Bakersfield Otters : LHP Jay Peterman
Batting: LHB Mike Peirce 0-0: Ball
1-0: Called Strike
1-1: Swinging Strike
1-2: Ball
2-2: Ball
3-2: Strikes out swinging
Batting: RHB Adrian Tableriou 0-0: Ball
1-0: Ball
2-0: Called Strike
2-1: Ball
3-1: Foul Ball, location: 5DF
3-2: DOUBLE (Line Drive, 9LS, EV 105.0 MPH)
Batting: LHB Felipe Ruiz 0-0: Fly out, F8 (Line Drive, 89M, EV 105.6 MPH)
Batting: RHB Wendell Dhu 0-0: Ball
1-0: Called Strike
1-1: Called Strike
1-2: Ball
2-2: Foul Ball, location: 3F
2-2: Foul Ball, location: 7LSF
2-2: Ball
3-2: Fly out, F8 (Flyball, 8LD, EV 92.5 MPH)
Top of the 3rd over - 0 runs, 1 hit, 0 errors, 1 left on base; Sioux City 2 - Bakersfield 3
BOTTOM OF THE 3RD
Bakersfield Otters batting - Pitching for Sioux City Explorers : RHP Victor Espinoza
Batting: SHB Steve Renfroe 0-0: Fly out, F4 (Line Drive, 4D, EV 64.4 MPH)
Batting: SHB Carlos Cortez 0-0: Ball
1-0: Ball
2-0: Called Strike
2-1: Foul Ball, location: 25F
2-2: Ground out 6-3 (Groundball, 6, EV 101.3 MPH)
Batting: LHB Chris Weinert 0-0: Ball
1-0: Ball
2-0: Ball
3-0: Called Strike
3-1: Swinging Strike
3-2: SOLO HOME RUN (Flyball, 7D, EV 96.9 MPH), Distance : 382 ft
Batting: RHB Ryan Reed 0-0: Ground out 3-1 (Groundball, 34S, EV 71.3 MPH)
Bottom of the 3rd over - 1 run, 1 hit, 0 errors, 0 left on base; Sioux City 2 - Bakersfield 4
TOP OF THE 4TH
Sioux City Explorers batting - Pitching for Bakersfield Otters : LHP Jay Peterman
Batting: RHB Lee McNutt 0-0: Called Strike
0-1: Swinging Strike
0-2: Ball
1-2: Ball
2-2: Ball
3-2: Strikes out looking
Batting: RHB Mark Lockhart 0-0: Called Strike
0-1: Ball
1-1: Ball
2-1: Foul Ball, location: 5DF
2-2: Strikes out swinging
Batting: RHB Masayoshi Kubo 0-0: Ball
1-0: Ball
2-0: Called Strike
2-1: Foul Ball, location: 3F
2-2: Ground out 6-3 (Groundball, 56, EV 85.6 MPH)
Top of the 4th over - 0 runs, 0 hits, 0 errors, 0 left on base; Sioux City 2 - Bakersfield 4
BOTTOM OF THE 4TH
Bakersfield Otters batting - Pitching for Sioux City Explorers : RHP Victor Espinoza
Batting: LHB Eric Rys 0-0: Ball
1-0: Fly out, F7 (Flyball, 78M, EV 81.9 MPH)
Batting: RHB Brad Glanzer 0-0: Called Strike
0-1: Ball
1-1: Swinging Strike
1-2: Strikes out swinging
Batting: RHB Edgar Cruz 0-0: Ball
1-0: Ground out U3 (Groundball, 34, EV 101.3 MPH)
Bottom of the 4th over - 0 runs, 0 hits, 0 errors, 0 left on base; Sioux City 2 - Bakersfield 4
TOP OF THE 5TH
Sioux City Explorers batting - Pitching for Bakersfield Otters : LHP Jay Peterman
Batting: SHB Willie Vizcarra 0-0: Fly out, F7 (Line Drive, 7S, EV 88.8 MPH)
Batting: RHB Matt Moreno 0-0: Ball
1-0: Ball
2-0: DOUBLE (Line Drive, 3D, EV 108.8 MPH)
Batting: LHB Mike Peirce 0-0: Called Strike
0-1: Ball
1-1: Fly out, F4 (Popup, 4D, EV 66.3 MPH)
Batting: RHB Adrian Tableriou 0-0: Ball
1-0: Foul Ball, location: 2F
1-1: Fly out, F7 (Flyball, 78S, EV 91.3 MPH)
Top of the 5th over - 0 runs, 1 hit, 0 errors, 1 left on base; Sioux City 2 - Bakersfield 4
BOTTOM OF THE 5TH
Bakersfield Otters batting - Pitching for Sioux City Explorers : RHP Victor Espinoza
Batting: LHB Jose Menchaca 0-0: Ball
1-0: Ball
2-0: Called Strike
2-1: Ground out 4-3 (Groundball, 4, EV 76.9 MPH)
Batting: LHB Tim Sullivan 0-0: Called Strike
0-1: Ball
1-1: Foul Ball, location: 7LDF
1-2: Foul Ball, location: 7LDF
1-2: Foul Ball, location: 2LF
1-2: Foul Ball, location: 7LMF
1-2: Ball
2-2: SINGLE (Line Drive, 7LM, EV 98.1 MPH)
Batting: SHB Steve Renfroe 0-0: Called Strike
0-1: Swinging Strike
0-2: Foul Ball, location: 2F
0-2: Ball
1-2: SINGLE (Line Drive, 78S, EV 98.1 MPH)
Tim Sullivan to second
Batting: SHB Carlos Cortez 0-0: Ball
1-0: Ball
2-0: Foul Ball, location: 2F
2-1: Called Strike
2-2: Strikes out swinging
Batting: LHB Chris Weinert 0-0: Called Strike
0-1: Ball
1-1: Foul Ball, location: 7LSF
1-2: Ball
2-2: Ball
3-2: Strikes out looking
Bottom of the 5th over - 0 runs, 2 hits, 0 errors, 2 left on base; Sioux City 2 - Bakersfield 4
TOP OF THE 6TH
Sioux City Explorers batting - Pitching for Bakersfield Otters : LHP Jay Peterman
Batting: LHB Felipe Ruiz 0-0: Called Strike
0-1: Fly out, F7 (Flyball, 7, EV 88.8 MPH)
Batting: RHB Wendell Dhu 0-0: Fly out, F8 (Flyball, 8RXD, EV 87.5 MPH)
Batting: RHB Lee McNutt 0-0: Fly out, F9 (Line Drive, 9, EV 86.3 MPH)
Top of the 6th over - 0 runs, 0 hits, 0 errors, 0 left on base; Sioux City 2 - Bakersfield 4
BOTTOM OF THE 6TH
Bakersfield Otters batting - Pitching for Sioux City Explorers : RHP Victor Espinoza
Batting: RHB Ryan Reed 0-0: Swinging Strike
0-1: Ball
1-1: Foul Ball, location: 9LMF
1-2: Strikes out swinging
Batting: LHB Eric Rys 0-0: Ball
1-0: Swinging Strike
1-1: SINGLE (Groundball, 34D, EV 105.6 MPH)
Batting: RHB Brad Glanzer Pickoff Throw to First - Out! 1-3
0-0: Called Strike
0-1: Swinging Strike
0-2: Strikes out swinging
Bottom of the 6th over - 0 runs, 1 hit, 0 errors, 0 left on base; Sioux City 2 - Bakersfield 4
TOP OF THE 7TH
Sioux City Explorers batting - Pitching for Bakersfield Otters : LHP Jay Peterman
Pitching: RHP Justin Cain
Batting: RHB Mark Lockhart 0-0: Called Strike
0-1: Foul Ball, location: 7LSF
0-2: Strikes out looking
Batting: RHB Masayoshi Kubo 0-0: Ball
1-0: Foul Ball, location: 9LSF
1-1: Swinging Strike
1-2: Fly out, F7 (Flyball, 78D, EV 101.3 MPH)
Batting: SHB Willie Vizcarra 0-0: Ball
1-0: Called Strike
1-1: Swinging Strike
1-2: Strikes out swinging
Top of the 7th over - 0 runs, 0 hits, 0 errors, 0 left on base; Sioux City 2 - Bakersfield 4
BOTTOM OF THE 7TH
Bakersfield Otters batting - Pitching for Sioux City Explorers : RHP Victor Espinoza
Pitching: RHP Ryan Bennett
Batting: RHB Edgar Cruz 0-0: Ball
1-0: Swinging Strike
1-1: Fly out, F9 (Line Drive, 9LS, EV 96.9 MPH)
Batting: LHB Jose Menchaca 0-0: SOLO HOME RUN (Flyball, 9LD, EV 95.0 MPH), Distance : 332 ft
Batting: LHB Tim Sullivan 0-0: Ball
1-0: Ball
2-0: Called Strike
2-1: Foul Ball, location: 23F
2-2: Ground out 3-1 (Groundball, 34, EV 90.0 MPH)
Batting: SHB Steve Renfroe 0-0: Ball
1-0: Ball
2-0: Ball
3-0: Base on Balls
Batting: SHB Carlos Cortez 0-0: Ball
1-0: Ball
2-0: Ball
3-0: Called Strike
3-1: Base on Balls
Steve Renfroe to second
Batting: LHB Chris Weinert 0-0: Ball
1-0: Ball
2-0: Ball
3-0: Base on Balls
Steve Renfroe to third
Carlos Cortez to second
Batting: RHB Ryan Reed 0-0: Ball
1-0: Ball
2-0: Foul Ball, location: 9LSF
2-1: Fly out, F6 (Line Drive, 6M, EV 64.4 MPH)
Bottom of the 7th over - 1 run, 1 hit, 0 errors, 3 left on base; Sioux City 2 - Bakersfield 5
TOP OF THE 8TH
Sioux City Explorers batting - Pitching for Bakersfield Otters : RHP Justin Cain
Batting: RHB Matt Moreno 0-0: Swinging Strike
0-1: SINGLE (Groundball, 34D, EV 107.5 MPH)
Batting: LHB Mike Peirce 0-0: Ball
1-0: Called Strike
1-1: Ball
2-1: Grounds out, U3 (Groundball, 3L, EV 91.9 MPH)
Pinch Hitting: LHB Terry Richardson 0-0: Called Strike
0-1: Ball
1-1: Ball
2-1: Swinging Strike
2-2: Strikes out looking
Batting: LHB Felipe Ruiz 0-0: Foul Ball, location: 3F
0-1: Foul Ball, location: 25F
0-2: Ball
1-2: Strikes out swinging
Top of the 8th over - 0 runs, 1 hit, 0 errors, 1 left on base; Sioux City 2 - Bakersfield 5
BOTTOM OF THE 8TH
Bakersfield Otters batting - Pitching for Sioux City Explorers : RHP Ryan Bennett
Now at 1B: Terry Richardson
Batting: LHB Eric Rys 0-0: Called Strike
0-1: Fly out, F9 (Flyball, 9S, EV 96.3 MPH)
Batting: RHB Brad Glanzer 0-0: Swinging Strike
0-1: Ball
1-1: Ball
2-1: Ball
3-1: Fly out, F7 (Flyball, 8LS, EV 89.4 MPH)
Batting: RHB Edgar Cruz 0-0: Ball
1-0: SINGLE (Groundball, 34D, EV 97.5 MPH)
Pitching: RHP Juan Contreras
Batting: LHB Jose Menchaca 0-0: SINGLE (Line Drive, 9S, EV 104.4 MPH)
Edgar Cruz to second
Batting: LHB Tim Sullivan 0-0: Called Strike
0-1: Called Strike
0-2: Ball
1-2: Strikes out looking
Bottom of the 8th over - 0 runs, 2 hits, 0 errors, 2 left on base; Sioux City 2 - Bakersfield 5
TOP OF THE 9TH
Sioux City Explorers batting - Pitching for Bakersfield Otters : RHP Justin Cain
Batting: RHB Wendell Dhu 0-0: Ball
1-0: Ball
2-0: Ball
3-0: Called Strike
3-1: Base on Balls
Batting: RHB Lee McNutt 0-0: Foul Ball, location: 2F
0-1: Fly out, F8 (Line Drive, 8LM, EV 88.8 MPH)
Pinch Hitting: SHB Omar Crespo 0-0: Ball
1-0: Ball
2-0: Called Strike
2-1: Swinging Strike
2-2: Foul Ball, location: 2F
2-2: Ball
3-2: Foul Ball, location: 2F
3-2: Foul Ball, location: 2F
3-2: Strikes out looking
Pitching: LHP Matt Hommes
Batting: RHB Masayoshi Kubo 0-0: Foul Ball, location: 7LSF
0-1: Ball
1-1: Ball
2-1: Ball
3-1: Swinging Strike
3-2: Base on Balls
Wendell Dhu to second
Batting: SHB Willie Vizcarra 0-0: Called Strike
0-1: Ball
1-1: Ball
2-1: 3-RUN HOME RUN (Flyball, 8RXD, EV 113.1 MPH), Distance : 439 ft
Batting: RHB Matt Moreno 0-0: Called Strike
0-1: Foul Ball, location: 2F
0-2: Strikes out swinging
Top of the 9th over - 3 runs, 1 hit, 0 errors, 0 left on base; Sioux City 5 - Bakersfield 5
BOTTOM OF THE 9TH
Bakersfield Otters batting - Pitching for Sioux City Explorers : RHP Juan Contreras
Now at 2B: Mike Fazio
Batting: SHB Steve Renfroe 0-0: Ball
1-0: Ball
2-0: Ground out 4-3 (Groundball, 4, EV 88.1 MPH)
Batting: SHB Carlos Cortez 0-0: Ball
1-0: Called Strike
1-1: Ball
2-1: Fly out, F3 (Popup, 3S, EV 77.5 MPH)
Batting: LHB Chris Weinert 0-0: Ball
1-0: Foul Ball, location: 2F
1-1: Ball
2-1: DOUBLE (Line Drive, 78M, EV 98.1 MPH)
Batting: RHB Ryan Reed 0-0: Ball
1-0: Ball
2-0: Foul Ball, location: 2F
2-1: Ball
3-1: Base on Balls
Pitching: RHP Brian Campbell
Batting: LHB Eric Rys 0-0: Called Strike
0-1: Ball
1-1: Ball
2-1: Swinging Strike
2-2: Foul Ball, location: 7LDF
2-2: Foul Ball, location: 2F
2-2: Strikes out swinging
Bottom of the 9th over - 0 runs, 1 hit, 0 errors, 2 left on base; Sioux City 5 - Bakersfield 5
TOP OF THE 10TH
Sioux City Explorers batting - Pitching for Bakersfield Otters : LHP Matt Hommes
Pitching: RHP Juan Recendiz
Batting: LHB Mike Peirce 0-0: Ball
1-0: Called Strike
1-1: Foul Ball, location: 9LSF
1-2: Ball
2-2: Ball
3-2: Fly out, F9 (Flyball, 89D, EV 101.9 MPH)
Batting: LHB Terry Richardson 0-0: Ball
1-0: Called Strike
1-1: Ball
2-1: Foul Ball, location: 2F
2-2: Foul Ball, location: 7LMF
2-2: Strikes out swinging, 2-3 out at first.
Batting: LHB Felipe Ruiz 0-0: Ball
1-0: Swinging Strike
1-1: Foul Ball, location: 2F
1-2: Foul Ball, location: 7LMF
1-2: Foul Ball, location: 2F
1-2: Ball
2-2: Ball
3-2: Base on Balls
Batting: RHB Wendell Dhu 0-0: Foul Ball, location: 2F
0-1: Ball
1-1: Called Strike
1-2: Ground out 5-3 (Groundball, 56S, EV 78.1 MPH)
Top of the 10th over - 0 runs, 0 hits, 0 errors, 1 left on base; Sioux City 5 - Bakersfield 5
BOTTOM OF THE 10TH
Bakersfield Otters batting - Pitching for Sioux City Explorers : RHP Brian Campbell
Pitching: RHP David Quiroz
Batting: RHB Brad Glanzer 0-0: Ball
1-0: Ball
2-0: Called Strike
2-1: Ball
3-1: Foul Ball, location: 2F
3-2: Base on Balls
Batting: RHB Edgar Cruz 0-0: Foul Ball, location: 2F
0-1: Sac Bunt to 5S - play at second, runner OUT! 5-6
Batting: LHB Jose Menchaca 0-0: Called Strike
0-1: DOUBLE (Line Drive, 7LM, EV 97.5 MPH)
Edgar Cruz to third
Runner from 3rd tries for Home, SAFE, throw by LF to home
Bottom of the 10th over - 1 run, 1 hit, 0 errors, 1 left on base; Sioux City 5 - Bakersfield 6
Thursday, April 11th , 2024 - OOTP Baseball 24.11 Build 85